 Dungeon Crawl Stone Soup version 0.32-a0-913-g739538afd8 (webtiles) character file.

Game seed: 15207617356270356444

2443 PriceMaster the Thaumaturge (level 9, -4/44 HPs)
             Began as a Spriggan Earth Elementalist on Apr 8, 2024.
             Was an Initiate of Gozag.
             Killed by divine providence
             ... invoked by an orc priest
              (15 damage)
             ... on level 7 of the Dungeon.
             The game lasted 00:14:12 (8172 turns).

PriceMaster the Thaumaturge (SpEE)                  Turns: 8172, Time: 00:14:13

Health: -4/44      AC:  2    Str:  3    XL:     9   Next: 25%
Magic:  9/24       EV: 20    Int: 19    God:    Gozag
Gold:   945        SH:  0    Dex: 20    Spells: 20/28 levels left

rFire   . . .        g - +2 short sword (speed)
rCold   x . .        (no shield)
rNeg    . . .        a - +0 robe
rPois   .            (helmet restricted)
rElec   .            (no cloak)
rCorr   .            (gloves unavailable)
SInv    +            (boots unavailable)
Will    +....        (no amulet)
Stlth   ++++         l - ring of flight
HPRegen 0.27/turn    (no ring)
MPRegen 0.19/turn

%: no passive effects
@: lethally poisoned (-4 -> -11), gold aura, flying, very slightly contaminated,
very quick
A: very small, no large weapons, unfitting armour, see invisible, speed 3,
talons 1, agile 1, cold vulnerability 1
a: Renounce Religion, Potion Petition, Call Merchant, Bribe Branch


You were on level 7 of the Dungeon.
You worshipped Gozag.
Gozag was pleased with you.
You visited 1 branch of the dungeon, and saw 7 of its levels.

You collected 960 gold pieces.
You paid 15 gold pieces to Gozag.

Inventory:

Hand Weapons
 g - a +2 short sword of speed (weapon)
 p - a +0 whip of pain
 y - a +2 whip of venom
Armour
 a - a +0 robe (worn)
Magical Staves
 e - a staff of alchemy
Jewellery
 d - a ring of positive energy
 l - a ring of flight (left hand)
Scrolls
 j - 3 scrolls of vulnerability
 m - 2 scrolls of noise
 r - a scroll of poison
 s - 2 scrolls of teleportation
Potions
 b - a potion of magic
 c - 3 potions of lignification
 h - a potion of degeneration
 i - a potion of enlightenment
 k - a potion of mutation
 q - a potion of attraction
 t - a potion of berserk rage
 v - a potion of heal wounds
 w - 3 potions of curing {unknown}
 x - a potion of brilliance {unknown}
 A - a potion of ambrosia {unknown}
 B - a potion of resistance {unknown}


   Skills:
 * Level 3.2 Fighting
 + Level 0.7 Short Blades
 * Level 6.2 Dodging
 * Level 7.6 Stealth
 * Level 10.1 Spellcasting
 + Level 1.3 Conjurations
 + Level 5.4 Earth Magic
 + Level 1.0 Evocations


You had 20 spell levels left.
You knew the following spells:

 Your Spells              Type           Power      Damage    Failure   Level
a - Sandblast             Erth           60%        2d14      1%          1
b - Brom's Barrelling Bo  Conj/Erth      22%        2d4       19%         4
c - Stone Arrow           Conj/Erth      44%        3d9       5%          3

Your spell library contained the following spells:

 Spells                   Type           Power      Damage    Failure   Level
 Passwall                 Erth           30%        N/A       2%          3
 Kiss of Death            Conj/Necr      48%        2d9       5%          1
 Slow                     Hex            36%        N/A       8%          1
 Cigotuvi's Dreadful Rot  Necr/Alch/Air  18%        N/A       11%         2
 Ensorcelled Hibernation  Hex/Ice        18%        N/A       11%         2
 Fugue of the Fallen      Necr           9%         N/A       22%         3
 Swiftness                Air            9%         N/A       22%         3
 Petrify                  Alch/Erth      19%        N/A       24%         4
 Borgnjor's Vile Clutch   Necr/Erth      9%         N/A       54%         5
 Anguish                  Hex/Necr       4%         N/A       58%         4
 Ignite Poison            Fire/Alch      9%         N/A       58%         4
 Freezing Cloud           Conj/Ice/Air   5%         6-21      86%         5
 Yara's Violent Unravell  Hex/Alch       4%         3d4       90%         5
 Sculpt Simulacrum        Ice/Alch       4%         N/A       100%        6
 Haunt                    Necr/Summ      4%         N/A       100%        7
 Ozocubu's Refrigeration  Ice            4%         4d8       100%        7
 Polar Vortex             Ice            4%         N/A       100%        9


Dungeon Overview and Level Annotations

Branches:
Dungeon (7/15)             Temple (0/1) D:5

Altars:
Gozag
Nemelex Xobeh
Xom
Zin

Shops:
D:2 ([*


Innate Abilities, Weirdness & Mutations

You are very small and have problems with some larger weapons.
You are too small for most types of armour.
You have supernaturally acute eyesight. (SInv)
You cover ground extremely quickly. (Speed+++)
You have sharp toenails.
You are agile. (Dex +4, Str/Int -1)
You are vulnerable to cold. (rC-)


Message History

The boulder barrels into the orc wizard!
The orc wizard is severely wounded.
Your boulder is destroyed!
An orc wizard comes into view. It is wielding a +0 dagger.
The orc wizard shouts!
You hear a shout!
A killer bee comes into view.
The orc wizard casts a spell at you. You resist with almost no effort.
Found 17 gold pieces.
The orc priest is distracted by your dazzling golden aura.
Casting: Brom's Barrelling Boulder (quite dangerous; 19% risk of failure)
Confirm with . or Enter, or press ? or * to list all spells.
Aiming: Sandblast (safe; 1% risk of failure)
Press: ? - help, Shift-Dir - straight line, f - killer bee
Aim: a killer bee (67% to hit)
The blast of sand hits the killer bee.
The killer bee is moderately wounded.
The orc priest shouts!
You hear an angry buzzing noise.
You hear a shout!
You hear an angry buzzing noise.
The killer bee misses you. The killer bee stings you!
Unknown command.
Casting: Sandblast (safe; 1% risk of failure)
Confirm with . or Enter, or press ? or * to list all spells.
Aiming: Sandblast (safe; 1% risk of failure)
Press: ? - help, Shift-Dir - straight line, f/p - killer bee
Aim: a killer bee (moderately wounded, 67% to hit)
The blast of sand hits the killer bee!
The killer bee is almost dead.
The orc priest is no longer distracted by gold.
A killer bee comes into view.
The killer bee barely misses you.
The killer bee is distracted by your dazzling golden aura.
The killer bee stings you.
* * * LOW HITPOINT WARNING * * *
You are poisoned.
The killer bee poisons you! The killer bee completely misses you.
The orc priest mumbles some strange prayers to Beogh against you.
Beogh smites you!
You die...
Your body crumbles into a pile of gold.

#.#.# # #o#o######.#
##.#$°°°....###.
#.###..o####.........
#.$...#o.....#.###.##
###y..######.# ##o##
.# #y# .# #@# .#
....$...........#
........####...
.########


You could see 2 killer bees, an orc priest, 2 orc wizards and an orc.

Vanquished Creatures
  Grinder (D:4)
  5 yaks (D:6)
  Eustachio (D:6)
  A steam dragon (D:6)
  3 black bears
  An ice beast (D:6)
  3 scorpions
  An orc priest (D:7)
  6 hounds
  Natasha (thrice) (D:4)
  2 iguanas (D:6)
  3 orc wizards (D:6)
  3 gnolls (D:5)
  17 adders
  A shadow imp (D:5)
  A white imp (D:5)
  4 ufetubi (D:5)
  3 dart slugs
  2 ribbon worms (D:2)
  15 orcs
  2 ball pythons
  A bat (D:3)
  12 endoplasms
  9 goblins
  3 hobgoblins
  4 jackals (D:1)
  2 quokkas
  3 frilled lizards
  10 kobolds
  3 rats
125 creatures vanquished.

Vanquished Creatures (collateral kills)
  An orc priest (D:7)
1 creature vanquished.

Grand Total: 126 creatures vanquished

Notes
Turn   | Place    | Note
-------+----------+-------------------------------------------
     0 | D:1      | PriceMaster the Spriggan Earth Elementalist began the quest
                  | for the Orb.
     0 | D:1      | Reached XP level 1. HP: 9/9 MP: 5/5
   254 | D:1      | Reached skill level 3 in Spellcasting
   254 | D:1      | Reached XP level 2. HP: 13/13 MP: 2/7
  1009 | D:2      | Found Miklack's General Store.
  1031 | D:2      | Reached XP level 3. HP: 17/17 MP: 7/9
  1210 | D:2      | Reached skill level 4 in Spellcasting
  1405 | D:2      | Found an opulent altar of Gozag.
  1420 | D:2      | Became a worshipper of Gozag Ym Sagoz the Greedy
  1632 | D:2      | Found Ibluawesm's Armour Emporium.
  1665 | D:2      | Found Qytwijidda's Weapon Boutique.
  1708 | D:2      | Reached XP level 4. HP: 21/21 MP: 9/11
  2461 | D:3      | Learned a level 4 spell: Brom's Barrelling Boulder
  2751 | D:4      | Reached skill level 5 in Spellcasting
  2751 | D:4      | Reached XP level 5. HP: 25/25 MP: 10/13
  2848 | D:4      | Noticed Natasha
  2854 | D:4      | Killed Natasha
  2855 | D:4      | Reached skill level 1 in Fighting
  2891 | D:4      | Noticed Natasha
  2896 | D:4      | Killed Natasha
  2897 | D:4      | Reached XP level 6. HP: 30/30 MP: 7/15
  3031 | D:4      | Noticed Natasha
  3036 | D:4      | Killed Natasha
  3217 | D:4      | Reached skill level 5 in Stealth
  3217 | D:4      | Reached skill level 6 in Spellcasting
  3509 | D:4      | Noticed Grinder
  3517 | D:4      | Paralysed by Grinder for 4 turns
  3535 | D:4      | Paralysed by Grinder for 5 turns
  3548 | D:4      | Killed Grinder
  3549 | D:4      | Reached XP level 7. HP: 27/34 MP: 9/18
  3738 | D:5      | Entered Level 5 of the Dungeon
  3775 | D:5      | Reached skill level 7 in Spellcasting
  4408 | D:5      | Got the Elucidation of Hopeless Spectres
  4579 | D:5      | Found a staircase to the Ecumenical Temple.
  4805 | D:5      | Reached skill level 5 in Dodging
  5247 | D:6      | Noticed Eustachio
  5262 | D:6      | Killed Eustachio
  5263 | D:6      | Reached skill level 8 in Spellcasting
  5263 | D:6      | Reached XP level 8. HP: 39/39 MP: 8/21
  5561 | D:6      | Found a glowing silver altar of Zin.
  5904 | D:6      | Learned a level 3 spell: Stone Arrow
  6019 | D:6      | HP: 1/39 [something (12)]
  6464 | D:6      | Reached skill level 1 in Conjurations
  6521 | D:6      | Reached skill level 9 in Spellcasting
  6714 | D:6      | HP: 1/40 [yak (3)]
  7077 | D:6      | Reached skill level 5 in Earth Magic
  7089 | D:6      | Reached XP level 9. HP: 25/44 MP: 3/23
  7146 | D:6      | Reached skill level 10 in Spellcasting
  7146 | D:6      | Reached skill level 1 in Evocations
  7429 | D:6      | Found a shimmering altar of Xom.
  7431 | D:6      | Found a sparkling altar of Nemelex Xobeh.
  7730 | D:6      | Gained mutation: You are vulnerable to cold. (rC-) [potion
                  | of mutation]
  7730 | D:6      | Gained mutation: You have sharp toenails. [potion of
                  | mutation]
  7730 | D:6      | Gained mutation: You are agile. (Dex +4, Str/Int -1)
                  | [potion of mutation]
  8160 | D:7      | Noticed a troll
  8172 | D:7      | Killed from afar by an orc priest

Illustrated notes

Levels and vault maps discovered:
D:1:      erik_arrival_blinker_ship, layout_loops_ring, minmay_hedge_maze
D:2:      layout_basic, basic_altar, serial_shops, shop,
          nicolae_shop_just_a_little_nook, shop,
          nicolae_concentric_dashed_squares_mild
D:3:      layout_rooms, nicolae_kite_square_tiling_tiny, kennysheep_cross_room
D:4:      layout_basic, kennysheep_generic_room_6, uniq_natasha, uniq_grinder
D:5:      layout_loops_ring, minmay_temple_entry_from_below_b,
          nicolae_twisty_statue_hallways
D:6:      layout_cave_pods, zin_academy, jmf_multi_god_temple,
          minmay_misc_feat_four_crosses, uniq_eustachio
D:7:      layout_loops_ring, minmay_misc_feat_encased, nrook_mini_backslash,
          chequers_serial_rivers_large_a, hangedman_decor_growths,
          minmay_manual_mess

Skill      XL: |  1  2  3  4  5  6  7  8  9 |
---------------+----------------------------+-----
Spellcasting   | 3 4 5 6 8 9 10 | 10.1
Dodging        | 3 4 5 6 |  6.2
Earth Magic    | 3 4 5 |  5.4
Stealth        | 4 5 6 7 |  7.6
Fighting       | 1 2 3 |  3.2
Conjurations   | 1 |  1.3
Evocations     | 1 |  1.0
Short Blades   | |  0.7

Action                     |  1- 3 |  4- 6 |  7- 9 || total
---------------------------+-------+-------+-------++-------
  Melee: Unarmed           |     8 |       |       ||     8
         Punch             |     1 |       |       ||     1
         Staff             |     3 |       |       ||     3
         Short sword       |     4 |     5 |    42 ||    51
   Cast: Sandblast         |    42 |    93 |    97 ||   232
         Brom's Barrelling |       |     2 |    12 ||    14
         Stone Arrow       |       |       |    16 ||    16
  Evoke: Wand              |       |       |    13 ||    13
    Use: Potion            |     1 |       |     2 ||     3
         Scroll            |       |       |    16 ||    16
   Stab: Sleeping          |       |     1 |     3 ||     4
 Armour: Robe              |    12 |    11 |    44 ||    67
  Dodge: Dodged            |    22 |    15 |    87 ||   124

Table legend: (Time is in decaauts)
 A = Elapsed time spent in this place.
 B = Non-inter-level travel time spent in this place.
 C = Inter-level travel time spent in this place.
 D = Time resting spent in this place.
 E = Time spent auto-exploring this place.
 F = Levels seen in this place.
 G = Mean time per level.
                   A        B        C        D        E       F      G
               +--------+--------+--------+--------+--------+-----+--------+
         Total |   6509 |   6374 |    135 |   1840 |   3402 |   7 |  929.9 |
       Dungeon |   6509 |   6374 |    135 |   1840 |   3402 |   7 |  929.9 |
               +--------+--------+--------+--------+--------+-----+--------+

Top non-repeatable levels by time:
     D:6: 2454 daAuts
     D:5: 1195 daAuts
     D:2: 855 daAuts
     D:4: 830 daAuts
     D:1: 620 daAuts
     D:3: 524 daAuts
     D:7: 28 daAuts
